 Dungeon Crawl Stone Soup version 0.21-a0-426-g98080a9 (webtiles) character file.

184 karf the Shield-Bearer (level 5, -1/43 HPs)
             Began as a Formicid Fighter on Nov 6, 2017.
             Killed by nerve-wracking pain
             ... invoked by Grinder
              (5 damage)
             ... on level 3 of the Dungeon.
             The game lasted 00:05:13 (1957 turns).

karf the Shield-Bearer (Formicid Fighter)           Turns: 1957, Time: 00:05:14

Health: -1/43      AC:  9    Str: 22    XL:     5   Next: 96%
Magic:  5/5        EV:  8    Int:  7    God:
Gold:   95         SH: 10    Dex: 10    Spells: 4/4 levels left

rFire    . . .     SeeInvis +   a - +0 quarterstaff
rCold    . . .     Gourm    .   c - +0 shield
rNeg     . . .     Faith    .   b - +0 scale mail
rPois    .         Spirit   .   (helmet unavailable)
rElec    .         Reflect  .   (no cloak)
rCorr    .         Harm     .   e - +1 pair of gloves
MR       .....                  (no boots)
Stlth    ..........             (no amulet)
HPRegen  0.14/turn              (no ring)
MPRegen  0.09/turn              (no ring)

@: no status effects
A: permanent stasis, dig shafts and tunnels, four strong arms, antennae 3
a: Dig, Shaft Self


You were on level 3 of the Dungeon.
You were not hungry.

You visited 1 branch of the dungeon, and saw 3 of its levels.

You collected 95 gold pieces.

Inventory:

Hand Weapons
 a - a +0 quarterstaff (weapon)
Armour
 b - a +0 scale mail (worn)
 c - a +0 shield (worn)
 e - a +1 pair of gloves (worn)
Jewellery
 l - an uncursed ring of resist corrosion {unknown}
Wands
 k - a wand of flame (23/48)
Scrolls
 g - a scroll of immolation {unknown}
 i - a scroll of noise {unknown}
 n - 2 scrolls of identify {unknown}
 o - a scroll of enchant armour {unknown}
 r - 3 scrolls of remove curse {unknown}
Potions
 d - a potion of might
 h - a potion of heal wounds {unknown}
 j - a potion of ambrosia {unknown}
 m - 2 potions of cancellation {unknown}
Comestibles
 f - 3 bread rations
 p - a meat ration
 q - a royal jelly
 s - 3 chunks of flesh


   Skills:
 + Level 4.4 Fighting
 + Level 3.2 Staves
 + Level 4.4 Armour
 + Level 4.7 Shields


You had 4 spell levels left.
You didn't know any spells.

Dungeon Overview and Level Annotations

Branches:
Dungeon (3/15)

Altars:

Annotations:
D:3 Grinder


Innate Abilities, Weirdness & Mutations

You cannot be hasted, slowed, berserked, paralysed or teleported.
You can dig through walls and to a lower floor.
Your four strong arms can wield two-handed weapons with a shield.
You have a pair of large antennae on your head. (SInv)


Message History

Grinder hits you.
You writhe in agony.
You hit Grinder.
Grinder is heavily wounded.
Grinder gestures at you. Pain shoots through your body!
* * * LOW HITPOINT WARNING * * *
You closely miss Grinder.
Grinder is heavily wounded.
Grinder hits you but does no damage.
You closely miss Grinder.
Grinder is heavily wounded.
You block Grinder's attack. Grinder hits you.
* * * LOW HITPOINT WARNING * * *
You writhe in agony.
* * * LOW HITPOINT WARNING * * *
You barely miss Grinder.
Grinder is heavily wounded.
Grinder gestures at you. Pain shoots through your body!
You die...

...............>##.###
#######.#.#..........
#.#.#.....##.##
#.#.#..........
#....#.#...#.# {
#######....#.....#
......#....#.....#
...##.#....#.....#
...##.#....#.#..@######.##.
...##.#.# #.#..)5.........
...##.# #.#..#######.###
...##.# .(#..# ...##.#
###........# #####.#
..........# #.#
.......>....# #.#
[............## #.#
.............#


You could see Grinder.

Vanquished Creatures
  An orc priest (D:3)
  Terence (D:2)
  Robin (D:2)
  3 adders (D:2)
  2 worms
  A dart slug (D:1)
  2 leopard geckos
  4 orcs (D:3)
  8 bats
  A giant cockroach (D:1)
  13 goblins
  7 hobgoblins
  11 jackals
  9 kobolds
  A quokka (D:3)
  3 frilled lizards (D:1)
  7 rats
75 creatures vanquished.

Notes
Turn   | Place    | Note
-------+----------+-------------------------------------------
     0 | D:1      | karf the Formicid Fighter began the quest for the Orb.
     0 | D:1      | Reached XP level 1. HP: 18/18 MP: 1/1
   131 | D:1      | Reached XP level 2. HP: 24/24 MP: 2/2
   297 | D:1      | Reached XP level 3. HP: 28/29 MP: 3/3
   622 | D:2      | Noticed Terence
   644 | D:2      | Killed Terence
   644 | D:2      | Reached XP level 4. HP: 10/37 MP: 4/4
   941 | D:2      | Noticed Robin
   965 | D:2      | Reached XP level 5. HP: 22/42 MP: 5/5
  1226 | D:2      | Killed Robin
  1921 | D:3      | Noticed Grinder
  1957 | D:3      | Killed from afar by Grinder

Vault maps used:
D:1:      minmay_arrival_wavy_path
D:2:      first_bread, uniq_terence, uniq_robin
D:3:      nemelex_lonely_heart_becter, uniq_grinder

Skill      XL: |  1  2  3  4  5 |
---------------+----------------+-----
Shields        | 4 |  4.7
Fighting       | 4 |  4.4
Armour         | 4 |  4.4
Staves         | 3 |  3.2

Action                   |  1- 3 |  4- 6 || total
-------------------------+-------+-------++-------
Melee: Quarterstaff      |    98 |   148 ||   246
  Eat: Chunk             |       |     4 ||     4
Armor: Scale mail        |    35 |   102 ||   137
Dodge: Dodged            |    36 |    75 ||   111
Block: Shield            |    64 |   113 ||   177

Table legend:
 A = Spawn XP
 B = Non-spawn XP
 C = Spawn XP percentage of total XP
 D = Spawn monster count
 E = Non-spawn monster count
 F = Spawn count percentage of total count
 G = Total turns spent on level
                    A         B        C        D         E        F      G
               +---------+---------+-------+---------+---------+-------+---------
         Total |       0 |     264 |   0.0 |       0 |      75 |   0.0 |  1957
               +---------+---------+-------+---------+---------+-------+---------
           D:1 |       0 |      51 |   0.0 |       0 |      29 |   0.0 |   791
           D:2 |       0 |     150 |   0.0 |       0 |      37 |   0.0 |   967
           D:3 |       0 |      63 |   0.0 |       0 |       9 |   0.0 |   199
               +---------+---------+-------+---------+---------+-------+---------
